 Dungeon Crawl Stone Soup version 0.29-a0-340-g6efceafd81 (webtiles) character file.

Game seed: 2197849341608290722

49 garethmagis the Covered (level 3, 13/34 HPs)
             Began as a Deep Dwarf Fighter on Apr 6, 2022.
             Got out of the dungeon alive.
             The game lasted 00:08:38 (1042 turns).

garethmagis the Covered (Deep Dwarf Fighter)        Turns: 1042, Time: 00:08:39

Health: 13/34      AC:  8    Str: 21    XL:     3   Next: 51%
Magic:  3/3        EV:  9    Int:  8    God:
Gold:   71         SH:  4    Dex: 12    Spells: 2/2 levels left

rFire   . . .      SeeInvis .   a - +0 war axe
rCold   . . .      Faith    .   c - +0 buckler
rNeg    . . .      Spirit   .   b - +0 scale mail
rPois   .          Reflect  .   (no helmet)
rElec   .          Harm     .   (no cloak)
rCorr   .          Rampage  .   (no gloves)
Will    .....                   k - +0 pair of boots
Stlth   ..........              (no amulet)
HPRegen 0.00/turn               (no ring)
MPRegen 0.08/turn               (no ring)

@: no status effects
A: damage resistance, heal wounds, sense surroundings 1, no regeneration
a: Heal Wounds


You escaped.
You visited 1 branch of the dungeon, and saw 2 of its levels.

You collected 71 gold pieces.

Inventory:

Hand Weapons
 a - a +0 war axe (weapon)
Armour
 b - a +0 scale mail (worn)
 c - a +0 buckler (worn)
 k - a +0 pair of boots (worn)
Jewellery
 e - an amulet of reflection
Scrolls
 g - 2 scrolls of identify {unknown}
 h - a scroll of noise {unknown}
 i - a scroll of blinking {unknown}
 j - a scroll of enchant weapon {unknown}
Potions
 d - 2 potions of might
 f - 2 potions of heal wounds {unknown}


   Skills:
 + Level 3.0 Fighting
 + Level 2.7 Axes
 + Level 4.0 Armour
 + Level 0.3 Dodging
 + Level 3.6 Shields


You had 2 spell levels left.
You didn't know any spells.
Your spell library was empty.

Dungeon Overview and Level Annotations

Branches:
Dungeon (2/15)

Altars:


Innate Abilities, Weirdness & Mutations

You are resistant to damage.
You can heal yourself by infusing magical energy.
You passively map a small area around you.
You do not regenerate.


Message History

You block the adder's attack.
You barely miss the adder. You block the adder's attack.
You slash the adder!
The adder is almost dead.
The adder bites you but does no damage. The adder barely misses you.
You hit the adder but do no damage.
The adder is almost dead.
You block the adder's attack. x2
You closely miss the adder.
The adder is almost dead.
The adder barely misses you. The adder bites you but does no damage.
You hit the adder.
You kill the adder!
Your Armour skill increases to level 4!
You see here an adder corpse.
Unknown command.
Unknown command.
You are a level 3 Deep Dwarf Fighter.
You are 51% of the way to level 4.
Play time: 00:07:14 (983 turns).
Zot will find you in 10974 turns if you stay in this branch and explore no new floors.
You see here an adder corpse.
Unknown command.
Welcome back, garethmagis the Deep Dwarf Fighter.
Press ? for a list of commands and other information.
(D) Dungeon
Where to? (? - help)
What level of the Dungeon? (default 1, ? - help)
There is a stone staircase leading up here.
You climb upwards.
There is a stone staircase leading down here.
(D) Dungeon
Where to? (Enter - D:1, ? - help)
Okay, then.
You see here 23 stones.
You see here a +0 robe.
You enter the shallow water.
Moving in this stuff is going to be slow.
There is a staircase leading out of the dungeon here.
Are you sure you want to leave the Dungeon?
This will make you lose the game!
You have escaped!

#.###.###.######.#
#.##.## ##.......#
#...## ##.##############
###..### #### #.......#
#.###≈##≈## #.#####..
#.##≈♣≈≈P≈## #.# #.#
#.#≈♣8♣P8P≈# #.# #..
#.##.♣..P≈#### #.# #..
#......@≈≈...###.#####..
####.P...≈##...........#
#≈P8P.8.≈########)####
##≈P≈≈.≈## #.# ##≈##≈##
#.# ###### ####.####
#.......# #.##..#.#
#.#.).#.#


There were no monsters in sight!

Vanquished Creatures
  An adder (D:2)
  A worm (D:2)
  3 bats
  3 endoplasms (D:1)
  3 giant cockroaches
  A goblin (D:1)
  2 hobgoblins (D:1)
  2 jackals (D:1)
  6 kobolds (D:1)
  A quokka (D:1)
  3 ball pythons
  4 frilled lizards
  5 rats (D:1)
35 creatures vanquished.

Vanquished Creatures (others)
  4 toadstools (D:1)
4 creatures vanquished.

Grand Total: 39 creatures vanquished

Notes
Turn   | Place    | Note
-------+----------+-------------------------------------------
     0 | D:1      | garethmagis the Deep Dwarf Fighter began the quest for the
                  | Orb.
     0 | D:1      | Reached XP level 1. HP: 20/20 MP: 1/1
    67 | D:1      | Found a faded altar of an unknown god.
    87 | D:1      | Reached XP level 2. HP: 22/27 MP: 2/2
   558 | D:1      | Reached XP level 3. HP: 13/33 MP: 3/3
   979 | D:2      | Reached skill level 4 in Armour
   984 | D:2      | Upgraded the game from 0.29-a0-322-g68df515428 to
                  | 0.29-a0-340-g6efceafd81
  1042 | D:$      | Got out of the dungeon alive.

Illustrated notes

Levels and vault maps discovered:
D:1:      ldierk_walled_garden_2, layout_loops_cross, basic_ecumenical_altar
D:2:      layout_basic

Skill      XL: |  1  2  3 |
---------------+----------+-----
Fighting       | 3 |  3.0
Armour         | 4 |  4.0
Axes           | |  2.7
Dodging        | |  0.3
Shields        | |  3.6

Action                   || total
-------------------------++-------
Melee: War axe           ||   101
Armor: Scale mail        ||    55
Dodge: Dodged            ||    41
Block: Buckler           ||    24

Table legend: (Time is in decaauts)
 A = Elapsed time spent in this place.
 B = Non-inter-level travel time spent in this place.
 C = Inter-level travel time spent in this place.
 D = Time resting spent in this place.
 E = Time spent auto-exploring this place.
 F = Levels seen in this place.
 G = Mean time per level.
                   A        B        C        D        E       F      G
               +--------+--------+--------+--------+--------+-----+--------+
         Total |   1085 |   1018 |     67 |    116 |    557 |   2 |  542.5 |
       Dungeon |   1085 |   1018 |     67 |    116 |    557 |   2 |  542.5 |
               +--------+--------+--------+--------+--------+-----+--------+

Top non-repeatable levels by time:
     D:1: 891 daAuts
     D:2: 194 daAuts
